 Dungeon Crawl Stone Soup version 0.23.2-33-g5129a83184 (webtiles) character file.

Game seed: 10334508516553411154

2388 GotenAND the Cleaver (level 9, -17/83 HPs)
             Began as a Deep Dwarf Fighter on July 14, 2019.
             Was an Elder of Makhleb.
             Demolished by a death yak (22 damage)
             ... on level 8 of the Dungeon.
             The game lasted 00:15:31 (4694 turns).

GotenAND the Cleaver (Deep Dwarf Fighter)           Turns: 4694, Time: 00:15:32

Health: -17/83     AC:  9    Str: 25    XL:     9   Next: 22%
Magic:  12/12      EV:  9    Int: 10    God:    Makhleb [****..]
Gold:   78         SH: 11    Dex: 12    Spells: 14/14 levels left

rFire    . . .     SeeInvis .   p - +3 war axe (chop)
rCold    . . .     Gourm    .   c - +0 shield
rNeg     . . .     Faith    .   b - +0 scale mail
rPois    .         Spirit   .   (no helmet)
rElec    .         Reflect  .   (no cloak)
rCorr    .         Harm     .   j - +0 pair of gloves
MR       +....                  (no boots)
Stlth    ..........             (no amulet)
HPRegen  0.00/turn              y - ring of flight
MPRegen  0.13/turn              D - +3 ring of strength

@: lethally poisoned (-17 -> -17), non-regenerating
A: damage resistance, heal wounds, rugged brown scales 1, sense surroundings 2,
wild magic 1, no regeneration
a: Heal Wounds, Minor Destruction, Lesser Servant of Makhleb, Major Destruction,
Renounce Religion, Evoke Flight


You were on level 8 of the Dungeon.
You worshipped Makhleb.
Makhleb was greatly pleased with you.
You were not hungry.

You visited 1 branch of the dungeon, and saw 8 of its levels.
You also visited: Sewer.

You collected 346 gold pieces.
You spent 268 gold pieces at shops.

Inventory:

Hand Weapons
 a - a +2 war axe
 p - a +3 war axe of chopping (weapon)
Armour
 b - a +0 scale mail (worn)
 c - a +0 shield (worn)
 i - a +1 helmet
 j - a +0 pair of gloves (worn)
Jewellery
 y - a ring of flight (left hand)
 D - a +3 ring of strength (right hand)
Wands
 l - a wand of iceblast (9)
Scrolls
 h - 4 scrolls of blinking
 k - 2 scrolls of identify
 m - a scroll of torment {unknown}
 o - 4 scrolls of teleportation
 r - 4 scrolls of fear
 t - 2 scrolls of magic mapping
 x - 2 scrolls of remove curse
Potions
 d - 4 potions of might
 e - 2 potions of lignification
 n - a potion of agility
 q - 6 potions of heal wounds
 s - 4 potions of curing
 v - 2 potions of magic
 w - 4 potions of brilliance
 A - a potion of haste
 E - a potion of flight
Comestibles
 f - 12 rations


   Skills:
 * Level 5.0 Fighting
 * Level 8.7 Axes
 * Level 6.2 Armour
 + Level 2.1 Dodging
 * Level 6.5 Shields
 * Level 3.2 Spellcasting


You had 14 spell levels left.
You didn't know any spells.
Your spell library contained the following spells:

 Spells                   Type           Power        Failure   Level  Hunger
 Beastly Appendage        Tmut           #.....       92%         1    #......
 Sticks to Snakes         Tmut           #.......     97%         2    ###....
 Spider Form              Tmut/Pois      #.........   100%        3    ###....
 Ice Form                 Ice/Tmut       #.......     100%        4    #####..
 Blade Hands              Tmut           #.........   100%        5    ######.


Dungeon Overview and Level Annotations

Branches:
Dungeon (8/15)             Temple (0/1) D:5            Lair (0/6) D:8

Altars:
Cheibriados
Elyvilon
Hepliaklqana
Kikubaaqudgha
Makhleb
Nemelex Xobeh
Wu Jian
Xom
Yredelemnul

Shops:
D:4 [(   D:7 !


Innate Abilities, Weirdness & Mutations

You are resistant to damage.
You can heal yourself by infusing magical energy.
You passively map the area around you.
You do not regenerate.
You are partially covered in rugged brown scales. (AC +1, +3% HP)
Your spells are a little harder to cast, but a little more powerful.


Message History

You slash the death yak! You hit the death yak. You miss the killer bee. x2
You block the killer bee's attack. The killer bee barely misses you.
The death yak gores you! The death yak barely misses you.
The killer bee closely misses you. The death yak gores you.
The killer bee stings you! The death yak gores you!!
* * * LOW HITPOINT WARNING * * *
The death yak gores you but does no damage.
You are too injured to fight recklessly!
You are too injured to fight recklessly!
Unknown command.
You are too injured to fight recklessly!
You fail to use your ability.
You block the killer bee's attack. The killer bee stings you!
* * * LOW HITPOINT WARNING * * *
The killer bee barely misses you.
The killer bee stings you but does no damage.
The death yak gores you. The death yak gores you!
* * * LOW HITPOINT WARNING * * *
The death yak gores you!!
You die...

, , #...(...# , , *+
*#.......########## ,, ,
##+#...........#.####
,,,, #
#...<.).....#..... * ,
.#.,, +...(.).....#....<
, , ....
#...........'.....
#....,#...........######
.....r#####)##+#### *
,,, ....lrY@yJ......#
,>, ,.....rYYy.......#,
, , .....yhh........#
,,, ,, ................#
, >......##......##,, ,
* ,.....## ########* *,
..... , ,, , , ,+ , ,
,#.... , , , ,, ,,+, ,
,,, ,,, ,


You could see 3 death yaks, 2 howler monkeys, a porcupine, a jelly, 3 killer
bees, a leopard gecko and 2 quokkas.

Vanquished Creatures
  A hungry ghost (D:6)
  A sky beast (D:7)
  An ice beast (D:6)
  An orc warrior (D:6)
  3 ogres
  6 bullfrogs
  A scorpion (D:4)
  3 howler monkeys (D:7)
  A centaur zombie (D:6)
  A crimson imp (D:7)
  2 bullfrog zombies (D:5)
  A bullfrog skeleton (D:6)
  2 hounds
  A centaur skeleton (D:4)
  6 orc priests
  A gnoll shaman (D:7)
  Jessica (D:3)
  An iguana (D:4)
  3 orc wizards
  6 worker ants
  10 gnolls
  13 adders
  4 river rats (Sewer)
  2 shadow imps (D:6)
  3 oozes (Sewer)
  An adder zombie (D:6)
  An adder skeleton (D:5)
  2 worms
  A dart slug (D:2)
  5 leopard geckos
  25 orcs
  10 ball pythons (Sewer)
  6 bats
  14 giant cockroaches
  7 goblins
  9 hobgoblins
  7 jackals
  2 quokkas
  5 frilled lizards
  9 kobolds
  2 leopard gecko skeletons
  A leopard gecko zombie (D:5)
  28 rats
210 creatures vanquished.

Vanquished Creatures (others)
  A butterfly (D:5)
1 creature vanquished.

Grand Total: 211 creatures vanquished

Notes
Turn   | Place    | Note
-------+----------+-------------------------------------------
     0 | D:1      | GotenAND the Deep Dwarf Fighter began the quest for the
                  | Orb.
     0 | D:1      | Reached XP level 1. HP: 20/20 MP: 1/1
   165 | D:1      | Reached XP level 2. HP: 27/27 MP: 2/2
   184 | D:1      | Found a sparkling altar of Nemelex Xobeh.
   693 | D:2      | Found an ornate altar of the Wu Jian Council.
   693 | D:2      | Found a burning altar of Makhleb.
   693 | D:2      | Found an ancient bone altar of Kikubaaqudgha.
   694 | D:2      | Found a white marble altar of Elyvilon.
   695 | D:2      | Found a snail-covered altar of Cheibriados.
   700 | D:2      | Became a worshipper of Makhleb the Destroyer
   848 | D:2      | Reached XP level 3. HP: 29/33 MP: 3/3
   972 | D:2      | Reached skill level 3 in Axes
  1107 | D:2      | Reached XP level 4. HP: 33/42 MP: 4/4
  1306 | D:2      | Reached * piety under Makhleb
  1466 | D:3      | Noticed Jessica
  1473 | D:3      | Reached XP level 5. HP: 40/49 MP: 6/6
  1475 | D:3      | Reached skill level 1 in Spellcasting
  1490 | D:3      | Killed Jessica
  1490 | D:3      | Reached skill level 4 in Axes
  1538 | D:3      | Found a glowing drain.
  1607 | Sewer    | Entered a sewer
  1693 | Sewer    | Reached ** piety under Makhleb
  1780 | Sewer    | Reached XP level 6. HP: 41/56 MP: 7/7
  1888 | Sewer    | Reached skill level 5 in Axes
  1893 | Sewer    | Reached skill level 1 in Dodging
  2174 | D:3      | Reached *** piety under Makhleb
  2179 | D:3      | Reached XP level 7. HP: 52/62 MP: 9/9
  2253 | D:3      | Gained mutation: You have an increased reservoir of magic.
                  | (+10% MP) [potion of mutation]
  2253 | D:3      | Gained mutation: You are partially covered in thin metallic
                  | scales. (AC +2) [potion of mutation]
  2253 | D:3      | Gained mutation: Your muscles are strong. (Str +2) [potion
                  | of mutation]
  2254 | D:3      | Lost mutation: Your muscles are strong. (Str +2) [potion of
                  | mutation]
  2254 | D:3      | Lost mutation: You have an increased reservoir of magic.
                  | (+10% MP) [potion of mutation]
  2254 | D:3      | Lost mutation: You are partially covered in thin metallic
                  | scales. (AC +2) [potion of mutation]
  2254 | D:3      | Gained mutation: Your body sometimes deteriorates upon
                  | taking damage. [potion of mutation]
  2254 | D:3      | Gained mutation: You have a beak for a mouth. [potion of
                  | mutation]
  2408 | D:4      | Found Qyomn's Antique Weapon Shoppe.
  2508 | D:4      | Found Wobluifeo's Armour Shoppe.
  2567 | D:4      | Reached skill level 5 in Shields
  2568 | D:4      | Reached skill level 6 in Axes
  3062 | D:4      | Bought a glowing war axe for 188 gold pieces
  3141 | D:5      | Entered Level 5 of the Dungeon
  3203 | D:5      | Reached skill level 5 in Armour
  3259 | D:5      | Found a shimmering altar of Xom.
  3631 | D:5      | Found a staircase to the Ecumenical Temple.
  3673 | D:6      | Reached XP level 8. HP: 66/72 MP: 11/11
  3857 | D:6      | Reached **** piety under Makhleb
  3924 | D:6      | Reached skill level 7 in Axes
  3929 | D:6      | Found a hazy altar of Hepliaklqana.
  4118 | D:7      | Reached skill level 8 in Axes
  4231 | D:7      | Gained mutation: You passively map the area around you.
                  | [Deep Dwarf growth]
  4231 | D:7      | Reached XP level 9. HP: 80/80 MP: 13/13
  4305 | D:7      | Found Xyah's Distillery.
  4330 | D:7      | Bought a potion of mutation for 80 gold pieces
  4330 | D:7      | Lost mutation: Your body sometimes deteriorates upon taking
                  | damage. [potion of mutation]
  4330 | D:7      | Lost mutation: You have a beak for a mouth. [potion of
                  | mutation]
  4330 | D:7      | Gained mutation: You are partially covered in rugged brown
                  | scales. (AC +1, +3% HP) [potion of mutation]
  4330 | D:7      | Gained mutation: Your spells are a little harder to cast,
                  | but a little more powerful. [potion of mutation]
  4364 | D:7      | Found a basalt altar of Yredelemnul.
  4662 | D:8      | Reached skill level 5 in Fighting
  4679 | D:8      | Noticed a death yak
  4679 | D:8      | Noticed a death yak
  4681 | D:8      | Found a staircase to the Lair.
  4681 | D:8      | Noticed a death yak
  4694 | D:8      | Demolished by a death yak

Skill      XL: |  1  2  3  4  5  6  7  8  9 |
---------------+----------------------------+-----
Fighting       | 3 4 5 |  5.0
Axes           | 3 4 5 6 8 |  8.7
Shields        | 4 5 6 |  6.5
Spellcasting   | 1 2 3 |  3.2
Armour         | 4 5 6 |  6.2
Dodging        | 1 2 |  2.1

Action                   |  1- 3 |  4- 6 |  7- 9 || total
-------------------------+-------+-------+-------++-------
Melee: War axe           |   109 |   240 |   262 ||   611
       Peck              |       |       |    38 ||    38
 Abil: Heal Wounds       |     1 |     4 |     4 ||     9
  Use: Scroll            |       |       |    27 ||    27
       Potion            |       |       |     3 ||     3
  Eat: Chunk             |     1 |     4 |     7 ||    12
       Ration            |       |       |     1 ||     1
Armor: Scale mail        |    57 |   180 |    93 ||   330
Dodge: Dodged            |    37 |   135 |    92 ||   264
Block: Shield            |    65 |   198 |   175 ||   438
